 Dungeon Crawl Stone Soup version 0.24-a0-342-gad4687c37d (webtiles) character file.

Game seed: 838297243485750145

4627 JellyEater the Geomancer (level 10, -4/59 HPs)
             Began as a Gargoyle Earth Elementalist on May 21, 2019.
             Was an Elder of Vehumet.
             Slain by an orc warrior
             ... wielding a +0 trident
              (15 damage)
             ... in a bailey.
             The game lasted 00:39:56 (9792 turns).

JellyEater the Geomancer (GrEE)                     Turns: 9792, Time: 00:39:57

Health: -4/59      AC: 17    Str: 18    XL:     10   Next: 42%
Magic:  10/19      EV: 13    Int: 18    God:    Vehumet [****..]
Gold:   186        SH:  0    Dex: 10    Spells: 10/22 levels left

rFire    . . .     SeeInvis .   i - +2 trident (protect)
rCold    . . .     Gourm    +   (no shield)
rNeg     + . .     Faith    .   c - +0 robe
rPois    ∞         Spirit   .   x - +0 helmet
rElec    +         Reflect  .   v - +2 cloak
rCorr    .         Harm     .   g - +1 pair of gloves
MR       +....                  f - +0 pair of boots
Stlth    ++........             o - amulet of the gourmand
HPRegen  0.19/turn              j - ring of protection from magic
MPRegen  0.16/turn              a - ring of wizardry

@: mighty, very slightly contaminated
A: negative energy resistance 1, electricity resistance, unbreathing,
petrification resistance, rot immunity, AC +7
a: Renounce Religion


You were in a bailey.
You worshipped Vehumet.
Vehumet was greatly pleased with you.
You were very full.

You visited 2 branches of the dungeon, and saw 10 of its levels.
You also visited: Sewer and Bailey.

You collected 556 gold pieces.
You spent 370 gold pieces at shops.

Inventory:

Hand Weapons
 i - a +2 trident of protection (weapon)
 l - a +5 flail of flaming
 B - the +6 arbalest "Damnation" {damnation}
   (You found it on level 8 of the Dungeon)
Missiles
 b - 61 stones (quivered)
Armour
 c - a +0 robe (worn)
 f - a +0 pair of boots (worn)
 g - a +1 pair of gloves (worn)
 v - a +2 cloak (worn)
 x - a +0 helmet (worn)
Jewellery
 a - a ring of wizardry (right hand)
 e - an uncursed ring of ice
 j - a ring of protection from magic (left hand)
 o - an amulet of the gourmand (around neck)
 s - an uncursed amulet of the acrobat
 D - an uncursed ring of ice
Wands
 q - a wand of enslavement (10)
 r - a wand of polymorph (6)
Scrolls
 h - 3 scrolls of identify
 m - 3 scrolls of remove curse
 p - 2 scrolls of magic mapping
 u - 4 scrolls of teleportation
 w - 3 scrolls of blinking
 y - a scroll of immolation
Potions
 k - 3 potions of curing
 t - a potion of ambrosia
 C - a potion of haste
Comestibles
 d - 15 rations


   Skills:
 + Level 5.2 Fighting
 + Level 4.6 Maces & Flails
 + Level 5.1 Armour
 + Level 4.4 Dodging
 - Level 2.1 Stealth
 + Level 6.5 Spellcasting
 + Level 6.5 Conjurations
   Level 0.7 Transmutations
 + Level 8.8 Earth Magic


You had 10 spell levels left.
You knew the following spells:

 Your Spells              Type           Power        Failure   Level  Hunger
a - Sandblast             Erth           #####.       1%          1    None
b - Stone Arrow           Conj/Erth      ####..       1%          3    ##.....
c - Lee's Rapid Deconstr  Erth           #####.....   1%          5    #####..
d - Mephitic Cloud        Conj/Pois/Air  ##......     1%          3    ##.....

Your spell library contained the following spells:

 Spells                   Type           Power        Failure   Level  Hunger
 Iskenderun's Battlesphe  Conj/Chrm      ###.....     10%         5    #####..
 Passwall                 Tmut/Erth      ###.....     1%          2    None
 Corona                   Hex            #......      4%          1    None
 Inner Flame              Hex/Fire       #.......     4%          3    ##.....
 Petrify                  Tmut/Erth      ###.....     6%          4    ####...
 Slow                     Hex            #.......     7%          2    None
 Leda's Liquefaction      Hex/Erth       ###.......   8%          4    ####...
 Portal Projectile        Hex/Tloc       #.....       14%         3    ##.....
 Cause Fear               Hex            #.........   41%         4    ####...


Dungeon Overview and Level Annotations

Branches:
Dungeon (9/15)             Temple (1/1) D:5            Lair (0/6) D:9
    Orc: D:9-12

Altars:
Ashenzari
Fedhas
Hepliaklqana
Makhleb
Qazlal
Vehumet
Wu Jian
Xom

Shops:
D:6 ?   D:9 *

Annotations:
D:8 2 transporters, yrara's ghost, novice DsFi


Innate Abilities, Weirdness & Mutations

You are resistant to torment.
Your stone body is resilient. (AC +7)
You are immune to poison.
You resist negative energy. (rN+)
You are resistant to electric shocks. (rElec)
You can survive without breathing.
You are immune to petrification.
You are immune to rotting.


Message History

The wall shatters!
The blast of rock fragments hits the orc warrior.
The orc warrior is lightly wounded.
The blast of rock fragments hits the orc warrior but does no damage.
You flicker for a moment.
You hear a shout! x4
Unknown command.
There is an open gate here.
The orc warrior hits you but does no damage.
Casting: Lee's Rapid Deconstruction (safe; 1% risk of failure)
Confirm with . or Enter, or press ? or * to list all spells.
Aiming: Lee's Rapid Deconstruction (safe; 1% risk of failure)
Press: ? - help, Dir - move target cursor A stone wall.
The wall shatters!
The blast of rock fragments hits the orc warrior but does no damage.
You flicker back into view.
You hear a shout!
The orc warrior hits you from afar with a +0 trident!
You die...

≈..##.≈.≈≈.....≈≈.≈.##..≈#
≈..⌠#.≈≈.≈≈≈)≈≈≈.≈≈.#⌠..≈#
≈...#..≈≈))≈.≈).≈≈..#...≈#
≈...#.⌠.≈≈≈...≈≈≈)⌠.#...≈#
≈...##...)≈≈≈≈≈....##...≈#
≈....#####.....#####....≈#
#..)....⌠#######⌠.......##
##.........).....).....##
##...........o.@.....##
#########'''#########
#.o.#≈≈≈≈≈≈≈ #.oo#≈≈≈≈≈≈≈
≈ #...#.≈≈≈≈≈≈
≈.c≈#...#≈c.≈≈≈≈
.≈≈≈....(≈≈≈..≈≈
≈≈.....)...≈≈≈c≈
.....≈≈≈.....≈.≈


You could see an orc warrior.

Vanquished Creatures
  2 hippogriffs
  An ice beast (D:7)
  8 orc warriors
  3 sky beasts
  2 black bears
  3 ogres
  2 centaurs (Bailey)
  6 bullfrogs
  A gnoll sergeant (D:6)
  A scorpion (D:5)
  4 crimson imps
  A bullfrog zombie (D:5)
  2 centaur zombies (D:7)
  2 jellies
  A gnoll shaman (D:7)
  Crazy Yiuf (D:3)
  3 hounds
  5 orc priests
  11 orc wizards
  3 bullfrog skeletons
  Jessica (D:3)
  7 iguanas
  7 worker ants
  3 hound skeletons
  2 howler monkey skeletons
  3 worker ant zombies
  11 adders
  20 gnolls
  A shadow imp (D:5)
  6 oozes
  3 adder skeletons
  A dart slug (D:4)
  7 worms
  18 leopard geckos
  45 orcs
  6 bats
  20 giant cockroaches
  10 goblins
  8 hobgoblins
  13 jackals
  5 kobolds
  4 quokkas
  8 ball pythons (Sewer)
  14 frilled lizards
  2 jackal skeletons
  A quokka skeleton (D:5)
  10 rats
298 creatures vanquished.

Vanquished Creatures (others)
  An orc priest (D:5)
1 creature vanquished.

Grand Total: 299 creatures vanquished

Notes
Turn   | Place    | Note
-------+----------+-------------------------------------------
     0 | D:1      | JellyEater the Gargoyle Earth Elementalist began the quest
                  | for the Orb.
     0 | D:1      | Reached XP level 1. HP: 10/10 MP: 3/3
   298 | D:1      | Reached skill level 4 in Earth Magic
   298 | D:1      | Reached XP level 2. HP: 13/15 MP: 3/5
   960 | D:2      | Reached XP level 3. HP: 18/19 MP: 4/7
   965 | D:2      | Learned a level 3 spell: Stone Arrow
  1537 | D:2      | Found a shimmering altar of Xom.
  1633 | D:2      | Found a shattered altar of Ashenzari.
  1954 | D:3      | Reached XP level 4. HP: 24/24 MP: 2/8
  2057 | D:3      | Noticed Jessica
  2083 | D:3      | Killed Jessica
  2083 | D:3      | Reached skill level 5 in Earth Magic
  2201 | D:3      | Reached XP level 5. HP: 28/28 MP: 4/10
  2223 | D:3      | Learned a level 5 spell: Lee's Rapid Deconstruction
  2438 | D:3      | Reached skill level 1 in Conjurations
  2801 | D:3      | Found a runed translucent door.
  2802 | D:3      | Noticed Crazy Yiuf
  2809 | D:3      | Killed Crazy Yiuf
  2992 | D:3      | Found a burning altar of Makhleb.
  2992 | D:3      | Noticed a green death
  2995 | D:3      | Noticed a neqoxec
  2995 | D:3      | Noticed a ynoxinul
  3292 | D:4      | Reached XP level 6. HP: 32/32 MP: 6/12
  3348 | D:4      | Reached skill level 6 in Earth Magic
  3831 | D:4      | Reached XP level 7. HP: 29/36 MP: 0/13
  4426 | D:5      | Entered Level 5 of the Dungeon
  4490 | D:5      | Reached skill level 1 in Fighting
  4490 | D:5      | Reached skill level 1 in Armour
  4491 | D:5      | Reached skill level 1 in Maces & Flails
  4874 | D:5      | Found a staircase to the Ecumenical Temple.
  4884 | Temple   | Entered the Ecumenical Temple
  4902 | Temple   | Became a worshipper of Vehumet
  5013 | D:5      | Reached XP level 8. HP: 29/43 MP: 15/15
  5078 | D:5      | Reached skill level 7 in Earth Magic
  5085 | D:5      | Reached skill level 5 in Spellcasting
  5351 | D:6      | Found Uriacw's Magic Scroll Boutique.
  5360 | D:6      | Bought a scroll of identify for 26 gold pieces
  5360 | D:6      | Bought a scroll of identify for 26 gold pieces
  5360 | D:6      | Bought 2 scrolls of identify for 52 gold pieces
  5360 | D:6      | Bought a scroll of remove curse for 39 gold pieces
  5475 | D:6      | Reached * piety under Vehumet
  5475 | D:6      | Offered knowledge of Flame Tongue by Vehumet.
  5488 | D:6      | Found a glowing drain.
  5492 | Sewer    | Entered a sewer
  5987 | Sewer    | Offered knowledge of Magic Dart by Vehumet.
  6005 | Sewer    | Reached ** piety under Vehumet
  6225 | D:6      | Reached XP level 9. HP: 41/51 MP: 9/17
  6457 | D:6      | Bought a scroll of remove curse for 39 gold pieces
  6457 | D:6      | Bought a scroll of magic mapping for 45 gold pieces
  6537 | D:6      | Reached skill level 5 in Conjurations
  6913 | D:6      | Found an ornate altar of the Wu Jian Council.
  7164 | D:7      | Offered knowledge of Throw Flame by Vehumet.
  7389 | D:7      | Reached skill level 8 in Earth Magic
  7427 | D:7      | Reached *** piety under Vehumet
  7542 | D:7      | Found a hazy altar of Hepliaklqana.
  7967 | D:8      | Offered knowledge of Mephitic Cloud by Vehumet.
  8121 | D:8      | Learned a level 3 spell: Mephitic Cloud
  8343 | D:8      | Noticed a hornet
  8352 | D:8      | Reached XP level 10. HP: 41/58 MP: 0/19
  8358 | D:8      | Noticed yrara's ghost (novice DsFi)
  8491 | D:8      | Reached **** piety under Vehumet
  8498 | D:8      | Found the +6 arbalest "Damnation" {damnation}
  8558 | D:8      | Offered knowledge of Iskenderun's Battlesphere by Vehumet.
  8935 | D:8      | Found a transporter.
  8940 | D:8      | Found a transporter.
  8996 | D:9      | Found a staircase to the Lair.
  9037 | D:9      | Found Dahoh's General Store.
  9044 | D:9      | Bought a potion of haste for 110 gold pieces
  9044 | D:9      | Bought a scroll of teleportation for 33 gold pieces
  9068 | D:9      | Found a flagged portal.
  9077 | D:9      | Reached skill level 5 in Fighting
  9100 | Bailey   | Entered a bailey
  9343 | Bailey   | Reached skill level 5 in Armour
  9792 | Bailey   | Slain by an orc warrior

Levels and vault maps discovered:
D:1:      minmay_arrival_loop, layout_rooms, serial_rivers,
          chequers_serial_rivers_micro_e, chequers_serial_rivers_micro_c,
          chequers_serial_rivers_small_b, chequers_serial_rivers_marsh,
          chequers_serial_rivers_micro_a, minivault_25, minmay_door_square
D:2:      layout_loops_corners, lemuel_doored_altar, lemuel_round_altar,
          first_ration
D:3:      layout_loops_ring, nrook_uturn, makhleb_altar_promises_db,
          uniq_jessica, uniq_crazy_yiuf_cottage
D:4:      layout_rooms
D:5:      layout_rooms, minmay_temple_entry_gardened_gates
D:6:      layout_basic, kennysheep_little_box, gup_sewer_entry_bowl,
          serial_shops, shop, wad_rectangle_vault
D:7:      layout_loops_ring, nicolae_overflow_crystal_walls
D:8:      layout_loops_ring, gammafunk_ghost_hive
D:9:      layout_cave_pools, elyvilon_altar_1, gammafunk_temple_overflow_arena,
          erik_lair_orcish_takeover, enter_bailey_7, serial_shops, shop,
          uniq_psyche
Temple:   nicolae_temple_god_jail
Bailey:   bailey_polearm_flooded_kennysheep, bailey

Skill      XL: |  1  2  3  4  5  6  7  8  9 10 |
---------------+-------------------------------+-----
Earth Magic    | 4 5 6 7 8 |  8.8
Spellcasting   | 3 4 5 6 |  6.5
Conjurations   | 2 3 4 6 |  6.5
Fighting       | 1 3 4 5 |  5.2
Armour         | 1 3 4 5 |  5.1
Maces & Flails | 1 2 4 |  4.6
Dodging        | 2 3 4 |  4.4
Stealth        | |  2.1
Transmutations | |  0.7

Action                   |  1- 3 |  4- 6 |  7- 9 | 10-12 || total
-------------------------+-------+-------+-------+-------++-------
Melee: Dagger            |   152 |   170 |    10 |       ||   332
       Trident           |       |       |   630 |   117 ||   747
 Cast: Sandblast         |    21 |    45 |    15 |    15 ||    96
       Stone Arrow       |     1 |     9 |    30 |    23 ||    63
       Lee's Rapid Decon |       |     1 |    17 |     8 ||    26
       Mephitic Cloud    |       |       |     2 |     3 ||     5
  Use: Scroll            |     6 |     3 |    10 |     1 ||    20
       Potion            |       |     3 |     3 |     5 ||    11
 Stab: Sleeping          |     3 |     3 |     6 |       ||    12
  Eat: Chunk             |     4 |    17 |    23 |     8 ||    52
Armor: Robe              |    73 |    78 |   439 |    85 ||   675
Dodge: Dodged            |   130 |   119 |   621 |   161 ||  1031

Table legend:
 A = Non-vault XP
 B = Vault XP
 C = Vault XP percentage of total XP
 D = Non-vault monster count
 E = Vault monster count
 F = Vault count percentage of total count
                 A         B        C        D         E       F
            +---------+---------+-------+---------+---------+-------
      Total |    4952 |    1659 |  25.1 |     213 |      86 |  28.8
            +---------+---------+-------+---------+---------+-------
        D:1 |      29 |       0 |   0.0 |      19 |       0 |   0.0
        D:2 |      45 |       0 |   0.0 |      17 |       0 |   0.0
        D:3 |     136 |      77 |  36.2 |      31 |       2 |   6.1
        D:4 |     549 |       0 |   0.0 |      27 |       0 |   0.0
        D:5 |     565 |       0 |   0.0 |      24 |       0 |   0.0
        D:6 |     926 |     298 |  24.3 |      25 |       8 |  24.2
        D:7 |    1007 |       0 |   0.0 |      26 |       0 |   0.0
        D:8 |    1559 |       0 |   0.0 |      42 |       0 |   0.0
        D:9 |     136 |      31 |  18.6 |       2 |       4 |  66.7
      Sewer |       0 |     339 | 100.0 |       0 |      50 | 100.0
     Bailey |       0 |     914 | 100.0 |       0 |      22 | 100.0
            +---------+---------+-------+---------+---------+-------
